 Dungeon Crawl Stone Soup version 0.21-a0-404-g291f19a (webtiles) character file.

132 IceWhale the Skirmisher (level 4, -3/41 HPs)
             Began as a Minotaur Abyssal Knight on Oct 27, 2017.
             Was a Believer of Lugonu.
             Slain by a gnoll
             ... wielding a +0 flail
              (8 damage)
             ... on level 3 of the Dungeon.
             The game lasted 00:15:00 (2329 turns).

IceWhale the Skirmisher (Minotaur Abyssal Knight)   Turns: 2329, Time: 00:15:01

Health: -3/41      AC:  6    Str: 17    XL:     4   Next: 92%
Magic:  4/5        EV: 10    Int:  9    God:    Lugonu [**....]
Gold:   175        SH:  0    Dex: 10    Spells: 3/3 levels left

rFire    . . .     SeeInvis .   a - +1 hand axe
rCold    . . .     Gourm    .   (no shield)
rNeg     . . .     Faith    .   l - +0 scale mail
rPois    .         Spirit   .   (helmet restricted)
rElec    .         Reflect  .   (no cloak)
rCorr    .         Harm     .   (no gloves)
MR       .....                  (no boots)
Stlth    ..........             m - amulet of regeneration
HPRegen  0.53/turn              (no ring)
MPRegen  0.09/turn              (no ring)

@: about to teleport
A: retaliatory headbutt, horns 2
a: Depart the Abyss, Bend Space, Renounce Religion


You were on level 3 of the Dungeon.
You worshipped Lugonu.
Lugonu was pleased with you.
You were not hungry.

You visited 1 branch of the dungeon, and saw 3 of its levels.
You visited the Abyss 1 time.

You collected 175 gold pieces.

Inventory:

Hand Weapons
 a - a +1 hand axe (weapon)
 p - a +0 hand axe
 s - a +0 hand axe
 v - a +0 hand axe
Armour
 b - a +0 leather armour
 i - a +0 ring mail
 j - a +0 robe
 l - a +0 scale mail (worn)
 w - a +0 chain mail
Jewellery
 g - a cursed ring of teleportation
 m - an amulet of regeneration (around neck)
Scrolls
 e - 2 scrolls of magic mapping
 f - a scroll of immolation {unknown}
 h - a scroll of teleportation
 q - 3 scrolls of identify
 x - a scroll of enchant armour {unknown}
 y - 3 scrolls of remove curse {unknown}
Potions
 d - a potion of magic
 n - a potion of heal wounds {unknown}
 o - a potion of curing
 u - a potion of berserk rage {unknown}
 A - a potion of might {unknown}
Comestibles
 c - 2 bread rations
 k - 4 chunks of flesh
 r - 4 fruits
 t - 2 meat rations
 z - a royal jelly


   Skills:
 + Level 4.6 Fighting
 + Level 3.8 Axes
 + Level 3.4 Armour
 + Level 1.4 Dodging
 + Level 0.3 Stealth
 * Level 2.7 Invocations


You had 3 spell levels left.
You didn't know any spells.

Dungeon Overview and Level Annotations

Branches:
Dungeon (3/15)

Altars:
Ashenzari


Innate Abilities, Weirdness & Mutations

You reflexively headbutt those who attack you in melee.
You have a pair of horns on your head.


Message History

The gnoll barely misses you. The gnoll hits you with a spear.
The gnoll closely misses you. You furiously retaliate!
You headbutt the gnoll. The gnoll misses you. You furiously retaliate!
You headbutt the gnoll, but do no damage.
Okay, then.
Space bends around you!
You blink.
The gnoll hits you with a flail!
You hit the gnoll but do no damage.
The gnoll is moderately wounded.
You hit the gnoll. The gnoll hits you.
The gnoll hits you from afar with a spear!
You slash the gnoll!
The gnoll is severely wounded.
You hit the gnoll. The gnoll hits you with a flail!
* * * LOW HITPOINT WARNING * * *
The gnoll closely misses you. The gnoll barely misses you. The gnoll hits you.
* * * LOW HITPOINT WARNING * * *
As you read the scroll of teleportation, it crumbles to dust.
You feel strangely unstable. The gnoll hits you with a flail!
You die...

#..........* #..........*
*** #..........*
,.#############..........*
,.............<.........#*
########....####.......>#*
#........#### #..g.......*
((######## #>.g.......*
(##############.@g.......*
.........................*
.###...#######...........*
.##..(..## #.#........#*
.##(###..#####.##......##
....##.........#########
#.####.........# ..#
#.........#
#.####>........#


You could see 3 gnolls.

Vanquished Creatures
  An orc priest (D:3)
  2 adders
  3 worms
  A dart slug (D:1)
  A leopard gecko (D:3)
  3 orcs (D:3)
  4 giant cockroaches
  10 goblins
  2 hobgoblins
  10 jackals
  4 ball pythons
  4 bats
  4 frilled lizards
  8 kobolds
  13 rats
70 creatures vanquished.

Vanquished Creatures (others)
  A hobgoblin (D:1)
1 creature vanquished.

Grand Total: 71 creatures vanquished

Notes
Turn   | Place    | Note
-------+----------+-------------------------------------------
     0 | Abyss:1  | IceWhale the Minotaur Abyssal Knight began the quest for the Orb.
     0 | Abyss:1  | Reached XP level 1. HP: 19/19 MP: 1/1
     0 | D:1      | Escaped the Abyss
    70 | D:1      | Reached * piety under Lugonu
    72 | D:1      | Reached XP level 2. HP: 12/27 MP: 2/2
    82 | D:1      | Reached skill level 4 in Fighting
   833 | D:1      | Reached XP level 3. HP: 33/33 MP: 3/3
  1052 | D:2      | Reached ** piety under Lugonu
  1862 | D:3      | Reached XP level 4. HP: 41/41 MP: 4/4
  2189 | D:3      | Found a shattered altar of Ashenzari.
  2329 | D:3      | Slain by a gnoll

Vault maps used:
D:1:      roderic_crossed_star
D:3:      marbit_many_paths, item_on_display_a, uniq_crazy_yiuf_cottage
Abyss:1:  bh_abyss_exit_choice

Skill      XL: |  1  2  3 |
---------------+----------+-----
Invocations    | 2 |  2.7
Fighting       | 4 |  4.6
Axes           | 3 |  3.8
Armour         | 3 |  3.4
Dodging        | |  1.4
Stealth        | |  0.3

Action                   |  1- 3 |  4- 6 || total
-------------------------+-------+-------++-------
Melee: Hand axe          |    85 |    37 ||   122
       Headbutt          |     5 |     5 ||    10
Invok: Depart the Abyss  |     1 |       ||     1
       Bend Space        |     1 |     1 ||     2
  Use: Scroll            |     4 |     3 ||     7
       Potion            |       |     2 ||     2
  Eat: Bread ration      |     1 |       ||     1
Armor: Leather armour    |     8 |       ||     8
       Ring mail         |    36 |       ||    36
       Scale mail        |       |     7 ||     7
Dodge: Dodged            |    65 |    23 ||    88

Table legend:
 A = Spawn XP
 B = Non-spawn XP
 C = Spawn XP percentage of total XP
 D = Spawn monster count
 E = Non-spawn monster count
 F = Spawn count percentage of total count
 G = Total turns spent on level
                    A         B        C        D         E        F      G
               +---------+---------+-------+---------+---------+-------+---------
         Total |       0 |     189 |   0.0 |       0 |      70 |   0.0 |  2329
               +---------+---------+-------+---------+---------+-------+---------
           D:1 |       0 |      45 |   0.0 |       0 |      31 |   0.0 |   946
           D:2 |       0 |      47 |   0.0 |       0 |      21 |   0.0 |   896
           D:3 |       0 |      97 |   0.0 |       0 |      18 |   0.0 |   487
               +---------+---------+-------+---------+---------+-------+---------
